 Dungeon Crawl Stone Soup version 0.17-a0-1920-gafa4d75 (webtiles) character file.

210 4thArraOfDagon the Chopper (level 5, -7/72 HPs)
             Began as a Hill Orc Berserker on Sept 27, 2015.
             Was a Follower of Trog.
             Mangled by an ogre
             ... wielding a +0 giant club
              (20 damage)
             ... on level 5 of the Dungeon.
             The game lasted 00:03:05 (786 turns).

4thArraOfDagon the Chopper (Hill Orc Berserker)      Turns: 786, Time: 00:03:05

Health: -7/72      AC:  8    Str: 25    XL:     5   Next: 88%
Magic:  5/5        EV: 10    Int:  8    God:    Trog [*.....]
Gold:   96         SH:  0    Dex: 12    Spells: 0 memorised, 4 levels left

rFire  . . .     SeeInvis .     a - +0 hand axe
rCold  . . .     Clarity  .     p - +0 scale mail
rNeg   . . .     SustAt   .     (no shield)
rPois  .         Gourm    .     (no helmet)
rElec  .         Spirit   .     k - +0 cloak
rCorr  .         Warding  .     (no gloves)
rMut   .         Stasis   .     (no boots)
MR     .....                    o - amulet of rage
Stlth  ..........               (no ring)
                                n - +2 ring of dexterity

@: berserking, very quick, not resistant to hostile enchantments, extremely
unstealthy
A: no striking features
a: Burn Spellbooks, Berserk, Renounce Religion, Evoke Berserk Rage


You were on level 5 of the Dungeon.
You worshipped Trog.
Trog was aware of your devotion.
You were not hungry.

You visited 1 branch of the dungeon, and saw 5 of its levels.

You collected 96 gold pieces.

Inventory:

Hand weapons
 a - a +0 hand axe (weapon)
Armour
 k - a +0 cloak (worn)
 p - a +0 scale mail (worn)
Jewellery
 n - a +2 ring of dexterity (left hand)
 o - an amulet of rage (around neck)
Scrolls
 c - a scroll of fog {unknown}
 d - 2 scrolls of fear {unknown}
 e - a scroll of random uselessness {unknown}
 g - a scroll of enchant weapon {unknown}
 i - 4 scrolls of identify {unknown}
 j - a scroll of teleportation {unknown}
 m - a scroll of enchant armour {unknown}
 r - a scroll of blinking {unknown}
Potions
 b - a potion of agility {unknown}
 f - 2 potions of flight {unknown}
 l - a potion of degeneration {unknown}
 q - a potion of magic {unknown}
Comestibles
 h - 2 meat rations
 s - 2 chunks of flesh
 t - a beef jerky


   Skills:
 + Level 5.0 Fighting
 * Level 6.4 Axes
 + Level 3.7 Armour
 - Level 1.5 Dodging


You had 4 spell levels left.
You didn't know any spells.

Dungeon Overview and Level Annotations

Branches:
Dungeon (5/15)
 Temple: D:4-7

Altars:
Dithmenos

Shops:
D:5 }[


Message History

Ouch! That really hurt!
* * * LOW HITPOINT WARNING * * *
Unknown command.
You see here a shield.
Use which ability?
A red film seems to cover your vision as you go berserk!
You feel yourself moving faster!
You feel mighty!
You feel somewhat more hungry. The ogre hits you with a giant club!
* * * LOW HITPOINT WARNING * * *
Unknown command.
You completely miss the ogre. You hit the ogre.
The ogre is lightly wounded.
The ogre barely misses you.
You slash the ogre!
The ogre is severely wounded.
You barely miss the ogre.
The ogre is severely wounded.
The ogre hits you with a giant club!!
You die...

######.........
########.#######
..........#
########..#####
##### #
#............. .....
...###.............
##### .
#....%............
....###.............
.......@O.....>.....
.##.##......###.####
#..###.# .# #..# #.#
# .... .. .#### .#.
. .. .# . . .


You could see an ogre.

Vanquished Creatures
  Menkaure (D:5)
  The ghost of asdu the Firebug, a weakling HOFE (D:5)
  A worker ant (D:5)
  An adder (D:2)
  An orc (D:5)
  2 bats (D:1)
  A goblin (D:2)
  A hobgoblin (D:1)
  5 jackals
  2 kobolds (D:1)
  A giant cockroach (D:3)
  2 giant newts (D:1)
  A rat (D:1)
20 creatures vanquished.

Notes
Turn   | Place    | Note
--------------------------------------------------------------
     0 | D:1      | 4thArraOfDagon the Hill Orc Berserker began the quest for the Orb.
     0 | D:1      | Reached XP level 1. HP: 19/19 MP: 1/1
   164 | D:1      | Reached XP level 2. HP: 27/27 MP: 2/2
   184 | D:1      | HP: 1/27 [kobold/spear (4)]
   205 | D:2      | HP: 2/40 [goblin (1)]
   341 | D:4      | Reached XP level 3. HP: 18/33 MP: 3/3
   502 | D:5      | Entered Level 5 of the Dungeon
   543 | D:5      | Found Ponos's Gadget Boutique.
   552 | D:5      | Noticed asdu's ghost (weakling HOFE)
   559 | D:5      | Killed asdu's ghost
   559 | D:5      | Reached skill level 5 in Axes
   559 | D:5      | Reached XP level 4. HP: 40/40 MP: 4/4
   599 | D:5      | Found Atreet's Armour Emporium.
   618 | D:5      | Found Tuasmu Dee's Distillery.
   618 | D:5      | Noticed Menkaure
   632 | D:5      | Killed Menkaure
   632 | D:5      | Reached skill level 6 in Axes
   632 | D:5      | Reached XP level 5. HP: 41/47 MP: 5/5
   644 | D:5      | Found a shadowy altar of Dithmenos.
   698 | D:5      | Reached skill level 5 in Fighting
   774 | D:5      | Noticed an ogre
   786 | D:5      | Mangled by an ogre

Vault maps used:
D:1:      lemuel_arrival_lava_pool
D:3:      first_bread, uniq_robin
D:4:      amethyst_overflow_temple_binary
D:5:      nicolae_dithmenos_through_a_glass_darkly, portal_sewer_entry_c,
          serial_shops, nicolae_shop_crystal, kennysheep_little_box,
          nicolae_shop_stone, shop, uniq_menkaure, uniq_blork_the_orc

Action                   |  1- 3 |  4- 6 || total
-------------------------+-------+-------++-------
Melee: Hand axe          |    37 |    18 ||    55
Invok: Berserk           |     4 |     3 ||     7
 Stab: Sleeping          |     1 |       ||     1
  Eat: Chunk             |     1 |       ||     1
       Bread ration      |       |     1 ||     1
